AoeStats
← DRiehl

Arabia

509985815Analyzed
2v2 RM · 2d ago on Sep 28, 2026· 49m 43s· 4 players
Game mode
Random Map
Map size
Medium (4 player)
Population
200
Speed
Normal
Resources
Standard
Victory
Conquest
Starting age
Dark Age
Ending age
Imperial Age
RankedLock teamsTeams togetherTeam positionsShared explorationLock speedFull tech treeHidden civsTurbo modeCheats
Victory
Defeat
🇺🇸 Portuguese · United States
448
+16
🇺🇸 Franks · United States
415
+18
🇦🇷 Inca · Argentina
477
-18
🇮🇹 Magyars · Italy
431
-16
DRiehl
9:56 Loom
12:36 Feudal Age
13:30 Double-Bit Axe
15:45 Forging
24:18 Castle Age
25:41 Husbandry
28:12 Scale Barding Armor
30:14 Chain Barding Armor
33:50 Bow Saw
36:49 Imperial Age
39:16 Fletching
39:34 Padded Archer Armor
40:26 Murder Holes
40:32 Heavy Mounted Crossbowman
41:14 Bodkin Arrow
41:37 Leather Archer Armor
41:09 Cranequins
44:25 Chivalry
47:39 Ordonnance Companies
50:03 Plate Barding Armor
49:10 Elite Skirmisher
KIDSBURNFACE
0:35 Loom
13:58 Feudal Age
15:36 Wheelbarrow
14:47 Town Watch
19:43 Horse Collar
24:44 Arson
27:27 Castle Age
27:29 Forging
27:11 Fletching
27:22 Scale Mail Armor
27:23 Padded Archer Armor
34:23 Double-Bit Axe
41:33 Imperial Age
44:37 Murder Holes
P O L K
1:15 Loom
10:24 Feudal Age
10:54 Double-Bit Axe
11:29 Horse Collar
cbarattic
11:50 Loom
14:55 Feudal Age
16:48 Wheelbarrow
16:01 Double-Bit Axe
19:05 Stone Mining
19:06 Gold Mining
19:19 Arson
22:07 Man-at-Arms
23:22 Fletching
23:33 Padded Archer Armor
23:35 Scale Mail Armor
23:33 Horse Collar
27:56 Castle Age
28:27 Pikeman
29:34 Hand Cart
30:09 Bow Saw
30:30 Scale Barding Armor
31:02 Husbandry
33:05 Gold Shaft Mining
34:35 Crossbowman
39:14 Corvinian Army
40:02 Thumb Ring
43:55 Light Cavalry
Connection lost

Rejoining the realm…

Still unreachable

The connection could not be restored.

Session expired

The server has moved on; the page needs a fresh start.